 Dungeon Crawl Stone Soup version 0.26-a0-663-g36e8fdb655 (webtiles) character file.

Game seed: 7904258681387073403

177532 marklar909 the Earth Mage (level 18, -24/179 HPs)
             Began as a Formicid Earth Elementalist on Oct 12, 2020.
             Was a Priest of Fedhas.
             Hit by a javelin thrown by something (30 damage)
             ... on level 4 of the Shoals.
             The game lasted 02:20:03 (47875 turns).

marklar909 the Earth Mage (FoEE)                   Turns: 47875, Time: 02:20:04

Health: -24/179    AC: 30    Str: 22    XL:     18   Next: 84%
Magic:  4/44       EV: 15    Int: 20    God:    Fedhas [***...]
Gold:   593        SH: 13    Dex: 11    Spells: 8/43 levels left

rFire    . . .     SeeInvis +   Q - +7 demon trident (elec)
rCold    . . .     Faith    .   u - +0 kite shield
rNeg     + + .     Spirit   .   (armour currently unavailable)
rPois    ∞         Reflect  .   (helmet unavailable)
rElec    +         Harm     .   H - +2 cloak
rCorr    .         Rampage  .   (gloves currently unavailable)
MR       +....                  (boots currently unavailable)
Stlth    +++.......             G - macabre finger necklace {rN+}
HPRegen  0.39/turn              A - ring of wizardry
MPRegen  0.29/turn              l - ring of magical power
                                z - ring "Opilenn" {rPois Str+6 Slay+2}

@: statue-form, very slow
A: permanent stasis, dig shafts and tunnels, four strong arms, antennae 3
a: Dig, Shaft Self, End Transformation, Wall of Briars, Grow Ballistomycete,
Renounce Religion


You were on level 4 of the Shoals.
You worshipped Fedhas.
Fedhas was most pleased with you.
You were a stone statue.
You visited 5 branches of the dungeon, and saw 28 of its levels.
You visited 1 bazaar.
You also visited: Sewer and Bailey.

You collected 3258 gold pieces.
You spent 2665 gold pieces at shops.

Inventory:

Hand Weapons
 D - a +4 halberd of holy wrath
 Q - a +7 demon trident of electrocution (weapon)
Missiles
 b - 592 stones (quivered)
 f - 2 curare-tipped darts
Armour
 d - a +2 pair of boots (melded)
 u - a +0 kite shield (worn)
 H - a +2 cloak (worn)
 J - a +2 pair of gloves of archery (melded)
 O - a +3 chain mail of magic resistance (melded)
Jewellery
 e - an uncursed ring of protection from fire
 g - an uncursed ring of protection from magic
 l - a ring of magical power (right hand)
 z - the ring "Opilenn" (on amulet) {rPois Str+6 Slay+2}
   (You bought it in a shop on level 2 of the Orcish Mines)

   [ring of strength]

   It affects your strength (+6).
   It affects your accuracy and damage with ranged weapons and melee attacks
   (+2).
   It protects you from poison.
 A - a ring of wizardry (left hand)
 F - a +6 ring of dexterity {unknown}
 G - the macabre finger necklace (around neck) {rN+}
   (You bought it in a shop on level 2 of the Orcish Mines)

   [amulet of nothing]

   It protects you from negative energy.
 K - the cursed ring of Jidadosu {rN+ MP+9 Str-2 Dex-4}
   (You found it on level 12 of the Dungeon)

   [ring of dexterity]

   It affects your strength (-2).
   It affects your dexterity (-4).
   It protects you from negative energy.
   It affects your magic capacity (+9).
   It has a curse placed upon it.
 P - an uncursed ring of ice
Wands
 m - a wand of disintegration (11)
 o - a wand of paralysis (48)
 w - a wand of polymorph (11)
 N - a wand of iceblast (6)
Scrolls
 i - 6 scrolls of magic mapping
 n - 20 scrolls of identify
 v - 3 scrolls of fear
 y - 2 scrolls of enchant armour
 E - 3 scrolls of remove curse
 L - 3 scrolls of amnesia
 R - 4 scrolls of fog
 S - a scroll of torment {unknown}
Potions
 a - a potion of heal wounds
 c - 3 potions of ambrosia
 h - 4 potions of brilliance
 k - 4 potions of stabbing
 q - 3 potions of cancellation
 r - 3 potions of mutation
 s - 10 potions of curing
 t - 3 potions of might
 x - 3 potions of lignification
 C - a potion of flight
 T - 3 potions of resistance
Miscellaneous
 M - a lightning rod (4/4)


   Skills:
 * Level 11.6 Fighting
 * Level 7.0 Polearms
 + Level 11.2 Armour
 * Level 6.5 Dodging
 + Level 5.2 Stealth
 + Level 12.2 Shields
 + Level 13.1 Spellcasting
 + Level 8.4 Conjurations
 * Level 10.2 Transmutations
 * Level 5.6 Fire Magic
 + Level 15.8 Earth Magic
 * Level 11.7 Invocations
 + Level 1.1 Evocations


You had 8 spell levels left.
You knew the following spells:

 Your Spells              Type           Power        Failure   Level
a - Sandblast             Erth           ######       0%          1
b - Stone Arrow           Conj/Erth      ######       1%          3
c - Lee's Rapid Deconstr  Erth           ######....   1%          5
d - Petrify               Tmut/Erth      ######..     1%          4
e - Bolt of Magma         Conj/Fire/Erth ######....   1%          5
f - Iron Shot             Conj/Erth      ######....   2%          6
g - Fireball              Conj/Fire      #####.....   3%          5
h - Statue Form           Tmut/Erth      ######...    1%          6

Your spell library contained the following spells:

 Spells                   Type           Power        Failure   Level
 Animate Skeleton         Necr           ##....       1%          1
 Corona                   Hex            ##.....      1%          1
 Pain                     Necr           ##..         1%          1
 Summon Small Mammal      Summ           ##..         1%          1
 Passwall                 Tmut/Erth      ######..     1%          2
 Ignite Poison            Fire/Tmut/Pois ####....     1%          3
 Inner Flame              Hex/Fire       ###.....     1%          3
 Leda's Liquefaction      Hex/Erth       #####.....   1%          4
 Iskenderun's Battlesphe  Conj           #####...     1%          5
 Call Imp                 Summ           ##......     3%          2
 Corpse Rot               Necr/Air       N/A          3%          2
 Slow                     Hex            ##......     3%          2
 Sublimation of Blood     Necr           ##........   3%          2
 Call Canine Familiar     Summ           ##......     6%          3
 Confusing Touch          Hex            ##......     6%          3
 Gell's Gravitas          Tloc           ##........   6%          3
 Portal Projectile        Hex/Tloc       ##....       6%          3
 Summon Guardian Golem    Hex/Summ       ##......     6%          3
 Vampiric Draining        Necr           ##........   6%          3
 Yara's Violent Unravell  Hex/Tmut       ####......   7%          5
 Starburst                Conj/Fire      #####.....   17%         6
 Animate Dead             Necr           ##........   21%         4
 Cause Fear               Hex            ##........   21%         4
 Dispel Undead            Necr           ##......     21%         4
 Summon Ice Beast         Ice/Summ       ##......     21%         4
 Summon Lightning Spire   Summ/Air       ##......     21%         4
 Agony                    Necr           ##......     45%         5
 Excruciating Wounds      Necr           ##........   45%         5
 Metabolic Englaciation   Hex/Ice        ##........   45%         5
 Orb of Destruction       Conj           #####.....   45%         7
 Spellforged Servitor     Conj/Summ      ####......   95%         7
 Ignition                 Fire           #####.....   100%        8
 Shatter                  Erth           ######....   95%         9


Dungeon Overview and Level Annotations

Branches:
Dungeon (15/15)            Temple (1/1) D:7            Lair (6/6) D:10
 Shoals (4/4) Lair:3        Snake (0/4) Lair:2        Slime (0/5) Lair:5
    Orc (2/2) D:10            Elf (0/3) Orc:2        Vaults (0/5) D:13
 Depths (0/5) D:15          Sewer (visited)          Bailey (visited)

Altars:
Ashenzari
Cheibriados
Dithmenos
Elyvilon
Fedhas
Gozag
Hepliaklqana
Kikubaaqudgha
Makhleb
Nemelex Xobeh
Okawaru
Qazlal
Ru
Sif Muna
Trog
Uskayaw
Vehumet
Wu Jian
Xom
Yredelemnul
Zin
The Shining One
Beogh

Shops:
D:5 ?   D:7 :   D:10 *   Orc:2 *!=}

Annotations:
D:11 1 runed translucent door
Shoals:1 3 runed translucent doors, thechecker02's ghost, adept GnFi
Shoals:3 1 runed translucent door


Innate Abilities, Weirdness & Mutations

You cannot be hasted, slowed, berserked, paralysed or teleported.
You can dig through walls and to a lower floor.
Your four strong arms can wield two-handed weapons with a shield.
You have a pair of large antennae on your head. (SInv)


Message History

The manticore dies!
Fedhas accepts your kill.
You swap places.
The harpy claws you but does no damage. x2
The harpy claws your wandering mushroom!
The harpy claws your wandering mushroom. x2
The harpy claws your wandering mushroom but does no damage.
The merfolk throws a throwing net.
The throwing net hits your oklob sapling.
The net is caught on your oklob sapling!
The merfolk aquamancer gestures at you while chanting.
The ball of steam hits the merfolk javelineer!
The ball of steam hits your wandering mushroom!!
The ball of steam hits your oklob sapling!!
The ball of steam misses you.
The javelin pierces through your wandering mushroom!!
A javelin appears from out of your range of vision.
The javelin pierces through your oklob sapling.
The javelin pierces through you!!
You die...
Fedhas appreciates your contribution to the ecosystem.

#...≈≈≈≈≈≈≈≈≈ {
#...≈≈≈≈≈≈≈≈≈
#...≈≈≈≈≈≈≈≈# {
#...≈≈≈≈≈≈≈##
##≈..≈≈≈≈≈≈≈#≈
##.≈..≈≈≈≈≈≈≈#≈
#######..PP.≈≈≈≈≈≈≈#≈
#.§§..†m...≈≈≈≈≈≈≈.#≈
≈≈....###8Pfm....≈≈≈≈≈≈.#≈
≈≈.?†##≈.Hf)#m...§≈≈≈≈≈..#
≈...##≈...#.)#.§.≈≈≈≈.....
≈≈. #≈..#≈....#.§.........
≈≈ #≈.≈≈≈≈.#.#...(.......
≈ #≈.≈##≈≈..#...........
#≈..≈#≈#..#...........
#≈#).≈≈..≈#...........
##≈#....≈##.†.(.......


You could see a merfolk, a harpy, 2 friendly wandering mushrooms and a friendly
oklob sapling (summoned, skewered).

Vanquished Creatures
  Jorgrun (Shoals:1)
  2 krakens
  Gastronok (D:9)
  Kirke (Lair:4)
  Roxanne (Shoals:2)
  A caustic shrike zombie (D:15)
  2 orc warlords (Orc:2)
  A caustic shrike skeleton (D:15)
  A dire elephant (Lair:6)
  A merfolk javelineer (Shoals:2)
  3 merfolk impalers
  A yaktaur captain (D:13)
  Fannar (Lair:1)
  2 boulder beetles (D:12)
  3 catoblepae
  7 hydras
  2 merfolk avatars
  5 centaur warriors
  5 merfolk aquamancers
  An alligator snapping turtle (Shoals:2)
  3 satyrs
  5 death yaks
  7 two-headed ogres
  6 orc high priests
  A deep elf knight (D:12)
  Nergalle (Lair:1)
  3 skeletal warriors
  7 sea snakes
  2 unseen horrors
  A flayed ghost (D:14)
  4 lindwurms
  A wizard (D:11)
  9 harpies
  7 orc knights
  A necromancer (D:15)
  7 ugly things
  A stone giant zombie (D:15)
  2 wolf spider zombies (D:15)
  12 manticores
  5 orc sorcerers
  2 deep elf magi (D:15)
  16 fauns
  6 slime creatures
  5 cyclopes
  Maurice (D:9)
  11 merfolk sirens
  13 elephants
  10 centaur zombies
  A guardian serpent (shapeshifter) (D:13)
  6 black mambas
  A torpor snail (Lair:4)
  A molten gargoyle (Lair:4)
  10 water nymphs
  12 cane toads
  5 gargoyles
  4 centaur skeletons
  Maggie (D:6)
  3 rime drakes
  13 komodo dragons
  A redback zombie (D:14)
  A guardian mummy (D:14)
  2 yaktaurs (D:13)
  2 kobold demonologists
  3 meliai (D:13)
  29 merfolk
  6 trolls
  4 wind drakes
  3 hornets (Lair:3)
  12 blink frogs
  A deep troll zombie (D:15)
  A meliai zombie (D:11)
  19 dream sheep
  6 snapping turtles
  Sigmund (D:11)
  88 yaks
  A vampire (D:14)
  2 shadows
  10 water elementals
  5 hogs
  7 wyverns
  A wraith (D:12)
  6 humans (D:11)
  2 basilisks
  Edmund (D:6)
  6 vampire mosquitoes
  A warg (Orc:1)
  An acid dragon (D:12)
  17 water moccasins
  Duvessa (D:6)
  Purgy (Sewer)
  3 phantoms
  2 hornet zombies
  3 sky beasts
  16 ice beasts
  48 orc warriors
  4 boggarts (Lair:6)
  23 ogres
  5 black bears
  10 wolves
  9 centaurs
  6 big kobolds
  22 bullfrogs
  Dowan (D:6)
  3 wyvern skeletons
  7 scorpions
  4 killer bees (D:13)
  14 wights
  7 electric eels
  6 howler monkeys
  3 bullfrog zombies
  9 hounds
  2 jellies
  39 orc priests
  5 bullfrog skeletons
  25 orc wizards
  9 iguanas
  10 worker ants
  Natasha (thrice) (D:2)
  6 hell rats (Lair:5)
  Terence (D:2)
  A killer bee zombie (D:10)
  2 human simulacra (D:12)
  2 hound skeletons
  4 mummies
  Robin (D:2)
  2 howler monkey skeletons
  15 gnolls
  18 adders
  2 shadow imps (D:5)
  2 white imps
  An ooze (D:4)
  3 ufetubi
  4 adder skeletons
  5 worms
  A dart slug (D:2)
  6 leopard geckos
  147 orcs
  6 giant cockroaches
  24 goblins
  10 hobgoblins
  5 jackals (D:11)
  14 kobolds
  2 quokkas
  3 ball pythons
  10 bats
  7 frilled lizards
  A giant cockroach zombie (D:5)
  9 rats
  A ballistomycete spore (Lair:5)
  6 tentacles
1108 creatures vanquished.

Vanquished Creatures (collateral kills)
  2 merfolk impalers (Shoals:4)
  A merfolk aquamancer (Shoals:4)
  A death yak (Lair:6)
  4 satyrs
  A sea snake (Shoals:4)
  2 harpies (Shoals:3)
  An ugly thing (D:14)
  10 fauns
  3 manticores (Shoals:4)
  An elephant (Lair:4)
  2 merfolk sirens
  A rime drake (Lair:6)
  5 merfolk
  2 wind drakes
  4 snapping turtles (Shoals:4)
  A wyvern (Lair:6)
  A water elemental (Shoals:4)
  An orc warrior (D:14)
  A centaur (Shoals:3)
  A bullfrog (Lair:3)
  A hell rat (Lair:5)
  11 orcs
  74 ballistomycete spores
131 creatures vanquished.

Vanquished Creatures (others)
  An oklob plant (Lair:5)
  A torpor snail (Lair:5)
  A merfolk (Shoals:4)
  A dream sheep (Lair:5)
  2 humans (Lair:4)
  An orc (Orc:2)
  4 ballistomycete spores
  44 fungi
  197 plants
  33 tentacles
  A withered plant (D:15)
286 creatures vanquished.

Grand Total: 1525 creatures vanquished

Notes
Turn   | Place    | Note
-------+----------+-------------------------------------------
     0 | D:1      | marklar909 the Formicid Earth Elementalist began the quest
                  | for the Orb.
     0 | D:1      | Reached XP level 1. HP: 13/13 MP: 3/3
   153 | D:1      | Reached skill level 4 in Earth Magic
   237 | D:1      | Reached XP level 2. HP: 19/19 MP: 3/5
   564 | D:2      | You fall into a shaft and drop 1 floor!
   728 | D:2      | Noticed Terence
   794 | D:2      | Reached XP level 3. HP: 24/24 MP: 2/6
   799 | D:2      | Learned a level 3 spell: Stone Arrow
  1239 | D:2      | Reached XP level 4. HP: 30/30 MP: 4/8
  1276 | D:2      | Reached skill level 5 in Earth Magic
  1371 | D:2      | Noticed Natasha
  1380 | D:2      | Killed Natasha
  1453 | D:2      | Noticed Natasha
  1458 | D:2      | Killed Natasha
  1458 | D:2      | Reached XP level 5. HP: 35/35 MP: 5/9
  1552 | D:2      | Noticed Natasha
  1566 | D:2      | Killed Natasha
  1897 | D:2      | Reached skill level 1 in Conjurations
  2151 | D:2      | Reached skill level 6 in Earth Magic
  2153 | D:2      | Reached XP level 6. HP: 41/41 MP: 11/11
  2254 | D:2      | Noticed Robin
  2274 | D:2      | Killed Robin
  3098 | D:2      | Killed Terence
  3505 | D:4      | Reached XP level 7. HP: 38/47 MP: 12/12
  3698 | D:4      | Reached skill level 1 in Shields
  3698 | D:4      | Reached skill level 7 in Earth Magic
  3860 | D:4      | Found a glowing drain.
  3865 | Sewer    | Entered a sewer
  4027 | Sewer    | Noticed Purgy
  4033 | Sewer    | Killed Purgy
  4033 | Sewer    | Reached skill level 1 in Fighting
  4607 | D:4      | Learned a level 4 spell: Petrify
  4613 | D:4      | Learned a level 5 spell: Lee's Rapid Deconstruction
  4623 | D:5      | Entered Level 5 of the Dungeon
  4639 | D:5      | Reached XP level 8. HP: 54/54 MP: 14/14
  4715 | D:5      | Reached skill level 8 in Earth Magic
  4965 | D:5      | Reached skill level 5 in Spellcasting
  5161 | D:5      | Reached skill level 1 in Armour
  5216 | D:5      | Reached XP level 9. HP: 63/63 MP: 16/16
  5399 | D:5      | Found Kuumis's Magic Scroll Boutique.
  5402 | D:5      | Bought a scroll of identify for 22 gold pieces
  5402 | D:5      | Bought a scroll of magic mapping for 38 gold pieces
  5402 | D:5      | Bought a scroll of identify for 22 gold pieces
  5814 | D:6      | Noticed Duvessa
  5815 | D:6      | Noticed Dowan
  5818 | D:6      | Killed Duvessa
  5818 | D:6      | Reached skill level 9 in Earth Magic
  5821 | D:6      | Killed Dowan
  6392 | D:6      | Noticed Maggie
  6402 | D:6      | Killed Maggie
  6543 | D:6      | Noticed Edmund
  6550 | D:6      | Killed Edmund
  6695 | D:6      | Reached XP level 10. HP: 71/71 MP: 19/19
  6709 | D:6      | Found a sparkling altar of Nemelex Xobeh.
  7351 | D:7      | Found a staircase to the Ecumenical Temple.
  7405 | Temple   | Entered the Ecumenical Temple
  7479 | Temple   | Became a worshipper of Fedhas Madash
  7531 | D:7      | Found Nextuihi's Book Boutique.
  7648 | D:7      | Found a hazy altar of Hepliaklqana.
  8294 | D:7      | Reached skill level 5 in Shields
  8294 | D:7      | Reached skill level 5 in Conjurations
  8294 | D:7      | Reached skill level 10 in Earth Magic
  8585 | D:8      | Reached * piety under Fedhas
  8607 | D:8      | Noticed a two-headed ogre
  8610 | D:8      | Killed a two-headed ogre
  8831 | D:8      | Reached skill level 5 in Fighting
  9328 | D:9      | Noticed Gastronok
  9406 | D:9      | Killed Gastronok
  9406 | D:9      | Reached skill level 5 in Armour
  9406 | D:9      | Reached skill level 11 in Earth Magic
  9406 | D:9      | Reached XP level 11. HP: 78/80 MP: 5/22
  9536 | D:9      | Found a sparkling altar of Nemelex Xobeh.
  9552 | D:9      | Reached ** piety under Fedhas
  9656 | D:9      | Found an iron altar of Okawaru.
  9735 | D:9      | Found a flagged portal.
  9746 | Bailey   | Entered a bailey
  9838 | Bailey   | Found an iron altar of Okawaru.
  9838 | Bailey   | Noticed an orc high priest
  9838 | Bailey   | Noticed an orc sorcerer
  9851 | Bailey   | Killed an orc high priest
  9851 | Bailey   | Reached skill level 1 in Invocations
  9955 | Bailey   | Noticed a soul eater
  9961 | Bailey   | Killed an orc sorcerer
  9982 | Bailey   | Noticed an orc knight
 10012 | Bailey   | Killed an orc knight
 10130 | Bailey   | Reached *** piety under Fedhas
 11027 | D:9      | Noticed a two-headed ogre
 11029 | D:9      | Noticed Maurice
 11078 | D:9      | Killed a two-headed ogre
 11099 | D:9      | Killed Maurice
 11287 | D:9      | Found a snail-covered altar of Cheibriados.
 11371 | D:9      | Found a glowing golden altar of the Shining One.
 11372 | D:9      | Found an opulent altar of Gozag.
 11444 | D:10     | Entered Level 10 of the Dungeon
 11455 | D:10     | Noticed an unseen horror
 11466 | D:10     | Killed an unseen horror
 11466 | D:10     | Reached skill level 1 in Polearms
 11630 | D:10     | Reached XP level 12. HP: 89/89 MP: 21/24
 11716 | D:10     | Reached skill level 12 in Earth Magic
 11923 | D:10     | Found a staircase to the Orcish Mines.
 12202 | D:10     | Reached **** piety under Fedhas
 12475 | D:10     | Found a staircase to the Lair.
 12498 | D:10     | Found Bubud's General Store.
 12506 | D:10     | Bought a +1 pair of gloves of archery for 247 gold pieces
 12702 | D:10     | Acquired a book of Power
 12714 | D:10     | Learned a level 5 spell: Bolt of Magma
 12721 | D:10     | Learned a level 6 spell: Iron Shot
 12799 | D:11     | Reached skill level 1 in Fire Magic
 13048 | D:11     | Found a runed translucent door.
 13048 | D:11     | Found a runed translucent door.
 13212 | D:11     | Noticed a wizard
 13214 | D:11     | Killed a wizard
 13214 | D:11     | Reached ***** piety under Fedhas
 13240 | D:11     | Noticed a two-headed ogre
 13252 | D:11     | Noticed a centaur warrior
 13257 | D:11     | Killed a two-headed ogre
 13261 | D:11     | Killed a centaur warrior
 13682 | D:11     | Found a runed translucent door.
 13682 | D:11     | Found a runed translucent door.
 13939 | D:11     | Noticed an unseen horror
 13996 | D:11     | Killed an unseen horror
 13998 | D:11     | Reached XP level 13. HP: 96/96 MP: 2/26
 14211 | D:11     | Noticed Sigmund
 14223 | D:11     | Killed Sigmund
 14389 | D:11     | Found a runed translucent door.
 14400 | D:11     | Found a runed translucent gate.
 14400 | D:11     | Found a runed translucent gate.
 14400 | D:11     | Found a runed translucent gate.
 14582 | D:11     | Found a runed translucent door.
 15142 | D:12     | Reached skill level 5 in Invocations
 15269 | D:12     | Got a twitching brass ring
 15440 | D:12     | Reached skill level 10 in Spellcasting
 15448 | D:12     | Noticed a boulder beetle
 15480 | D:12     | Killed a boulder beetle
 15480 | D:12     | Reached skill level 13 in Earth Magic
 15680 | D:12     | Noticed a boulder beetle
 15700 | D:12     | Killed a boulder beetle
 16534 | Lair:1   | Entered Level 1 of the Lair of Beasts
 16537 | Lair:1   | Noticed a five-headed hydra
 16587 | Lair:1   | Reached skill level 5 in Transmutations
 16659 | D:10     | Killed a five-headed hydra
 16881 | Lair:1   | Reached ****** piety under Fedhas
 16901 | Lair:1   | Reached XP level 14. HP: 80/104 MP: 6/28
 17096 | Lair:1   | Noticed Nergalle
 17105 | Lair:1   | Killed Nergalle
 17422 | Lair:1   | Noticed Fannar
 17558 | Lair:1   | Killed Fannar
 17998 | Lair:1   | Identified the cursed ring of Jidadosu {rN+ MP+9 Str-2
                  | Dex-4} (You found it on level 12 of the Dungeon)
 18512 | Lair:2   | Found a staircase to the Snake Pit.
 19579 | Lair:3   | Found a staircase to the Shoals.
 20013 | Lair:3   | Found a dark tunnel.
 20805 | Lair:3   | Reached XP level 15. HP: 93/112 MP: 22/30
 21014 | Lair:4   | Noticed Kirke
 21124 | Lair:4   | Killed Kirke
 21124 | Lair:4   | Reached skill level 14 in Earth Magic
 23250 | Lair:5   | Found a staircase to the Slime Pits.
 23693 | Lair:6   | Entered Level 6 of the Lair of Beasts
 23868 | Lair:6   | Reached skill level 10 in Shields
 25029 | Lair:6   | Reached XP level 16. HP: 105/121 MP: 28/32
 26392 | D:10     | Bought a scroll of magic mapping for 52 gold pieces
 26526 | D:5      | Bought a scroll of remove curse for 33 gold pieces
 26526 | D:5      | Bought a scroll of fog for 22 gold pieces
 26526 | D:5      | Bought a scroll of fear for 38 gold pieces
 26526 | D:5      | Bought a scroll of magic mapping for 38 gold pieces
 26688 | Orc:1    | Entered Level 1 of the Orcish Mines
 27602 | Orc:2    | Entered Level 2 of the Orcish Mines
 28142 | Orc:2    | Reached skill level 10 in Fighting
 28177 | Orc:2    | Found a roughly hewn altar of Beogh.
 28464 | Orc:2    | Found Kaosac's Gadget Emporium.
 28474 | Orc:2    | Found Urchudda's Jewellery Shoppe.
 28595 | Orc:2    | Bought the ring "Opilenn" {rPois Str+6 Slay+2} for 1093
                  | gold pieces
 28595 | Orc:2    | Bought the macabre finger necklace {rN+} for 560 gold
                  | pieces
 28595 | Orc:2    | Found the macabre finger necklace {rN+}
 28885 | Orc:2    | Reached skill level 5 in Dodging
 30078 | Orc:2    | Found a staircase to the Elven Halls.
 30820 | Orc:2    | Found a roughly hewn altar of Beogh.
 31216 | Orc:2    | Found Azxih's General Store.
 31224 | Orc:2    | Bought a potion of mutation for 96 gold pieces
 31463 | Orc:2    | Reached skill level 10 in Armour
 31611 | Orc:2    | Found Hiec's Distillery.
 32000 | Lair:3   | Got a pitted troll leather armour
 32011 | Lair:3   | Identified the cursed +1 troll leather armour of the Slug
                  | {+Fly Regen+} (You found it on level 3 of the Lair of
                  | Beasts)
 32545 | D:13     | Found a gate to the Vaults.
 33345 | D:13     | Reached skill level 15 in Earth Magic
 34553 | D:14     | Found a frozen archway.
 34578 | D:14     | Reached XP level 17. HP: 117/129 MP: 33/33
 34699 | D:14     | Reached skill level 10 in Invocations
 34706 | D:14     | Learned a level 5 spell: Fireball
 35657 | D:15     | Entered Level 15 of the Dungeon
 35664 | D:15     | Found a staircase to the Depths.
 36853 | D:15     | Found a sacrificial altar of Ru.
 37080 | D:15     | Found a snail-covered altar of Cheibriados.
 38103 | Shoals:1 | Entered Level 1 of the Shoals
 38120 | Shoals:1 | Noticed a kraken
 39059 | Shoals:1 | Killed a kraken
 39531 | Shoals:1 | Reached skill level 5 in Polearms
 39696 | Shoals:1 | Found a runed translucent gate.
 39696 | Shoals:1 | Found a runed translucent gate.
 39696 | Shoals:1 | Found a runed translucent gate.
 39704 | Shoals:1 | Noticed thechecker02's ghost (adept GnFi)
 39714 | Shoals:1 | Noticed Jorgrun
 39728 | Shoals:1 | Killed Jorgrun
 40755 | Shoals:2 | Noticed Roxanne
 41652 | Shoals:2 | Killed Roxanne
 41667 | Shoals:2 | Learned a level 6 spell: Statue Form
 42749 | Shoals:2 | Reached XP level 18. HP: 131/138 MP: 34/34
 43438 | Shoals:3 | Found a flickering gateway to a bazaar.
 43445 | Bazaar   | Entered a bazaar
 43445 | Bazaar   | Found Vuadeuzoit's General Store.
 43445 | Bazaar   | Found Taokulal's General Store.
 43734 | Bazaar   | Found Levoobuc's General Store.
 43734 | Bazaar   | Found Teqaanka's General Store.
 43756 | Bazaar   | Found Varoeril's General Store.
 43756 | Bazaar   | Found Xoakian's General Store.
 43771 | Bazaar   | Bought a scroll of identify for 30 gold pieces
 43771 | Bazaar   | Bought a potion of curing for 45 gold pieces
 43771 | Bazaar   | Bought a scroll of enchant armour for 112 gold pieces
 43775 | Bazaar   | Bought a scroll of identify for 34 gold pieces
 43798 | Bazaar   | Bought a potion of resistance for 150 gold pieces
 43816 | Bazaar   | Bought a potion of curing for 33 gold pieces
 44373 | Shoals:3 | Found a runed translucent door.
 45382 | Shoals:4 | Entered Level 4 of the Shoals
 45406 | Shoals:3 | Reached skill level 5 in Fire Magic
 46161 | Shoals:4 | Reached skill level 5 in Stealth
 46468 | Shoals:4 | Noticed a kraken
 46490 | Shoals:4 | Killed a kraken
 46797 | Shoals:4 | Reached skill level 10 in Transmutations
 46808 | Shoals:4 | HP: 4/179 [satyr/sling bullet (25)]
 46839 | Shoals:4 | Reached skill level 1 in Evocations
 46886 | Shoals:4 | Identified the +7 scimitar of the Land of Plenty {drain,
                  | rElec Str+6 Dex-5}
 47873 | Shoals:4 | HP: 6/179 [merfolk javelineer/javelin (11)]
 47875 | Shoals:4 | Hit by a javelin thrown by something

Illustrated notes

Levels and vault maps discovered:
D:1:      evilmike_arrival_home_sweet_home, layout_rooms
D:2:      layout_basic, uniq_robin, uniq_terence, uniq_natasha
D:3:      layout_rooms
D:4:      layout_gridville, gup_sewer_entry_bowl
D:5:      layout_cave_pools, serial_shops, kennysheep_mini
D:6:      layout_layer_cave, nemelex_xobeh_ov_fountains_minmay, uniq_edmund,
          uniq_duvessa, uniq_maggie
D:7:      layout_loops_corners, lemuel_doored_altar,
          minmay_temple_entry_junction_2, serial_shops, shop
D:8:      layout_cave_pools
D:9:      layout_rooms, slow_altar_2, gammafunk_temple_overflow_pools,
          old_standard_altar, basic_altar, enter_bailey_3, minmay_diced_spiral,
          uniq_gastronok, uniq_maurice
D:10:     minmay_ornate_pinched, layout_long_grid, lair_entry_dummy,
          orc_0_dummy, serial_shops, nicolae_shop_trees
D:11:     erik_cavepeople, layout_small_grid, gauntlet_entry_generic,
          minmay_liquid_box, minivault_4, chequers_serial_rivers_micro_a,
          st_stairs_1, kb_rosetta
D:12:     minmay_the_grid_triangle_9x9_recursive_2
          [minmay_the_grid_triangle_9x9_prize_top_heavy,
          minmay_the_grid_triangle_9x9_skeleton,
          minmay_the_grid_triangle_9x9_odd_lines,
          minmay_the_grid_triangle_9x9_swiss_cheese], layout_basic,
          bh_circular_ruins
D:13:     layout_irregular_city, david_vaults_2, drop_trap
D:14:     layout_stronghold, ebering_dispersal_statue_hall,
          portal_ice_cave_entry_ice_beasts
D:15:     gammafunk_depths_entry_grave, layout_rooms,
          nicolae_ru_the_path_less_chosen, serial_undead, serial_undead_a,
          serial_undead_f, serial_undead_c, serial_undead_f, cheibriados_altar_1
Temple:   compressed_dpeg_circular_temple
Lair:1:   layout_chaotic_city, minmay_lair_oklob_chamber, uniq_nergalle,
          uniq_fannar
Lair:2:   cheibrodos_lair_river_kwai, layout_hall_layers, dummy_snake_entry,
          beast_lair_carwin_4, grunt_megastairs_4, infiniplex_staircase_pool,
          lemuel_fruit_fields
Lair:3:   cheibrodos_lair_overgrown_chateau, layout_hall_layers,
          minmay_shoals_entry_centaurs, enter_volcano_1, grunt_megastairs_1
Lair:4:   layout_gridlike, uniq_kirke
Lair:5:   layout_concentric_octagons, minmay_slime_entry_oklob_enclosed,
          dpeg_oklob_1, grunt_megastairs_5
Lair:6:   hangedman_lair_in_review, layout_regular_city,
          nicolae_quartered_pool_super, chequers_serial_rivers_marsh,
          kilobyte_rumbling_trees
Shoals:1: layout_shoals, gammafunk_ghost_tricky_traps, uniq_jorgrun
Shoals:2: layout_shoals, st_sunken_huts, uniq_roxanne
Shoals:3: layout_shoals, ebering_ghost_reflecting_pool, serial_shops,
          bzr_entry_road
Shoals:4: shoals_end_hangedman, layout_shoals,
          nicolae_shoals_kraken_intersection
Orc:1:    layout_diamond_mine, nicolae_orc_damp_corner
Orc:2:    pubby_orc_utopia

Skill      XL: |  1  2  3  4  5  6  7  8  9 10 11 12 13 14 15 16 17 18 |
---------------+-------------------------------------------------------+-----
Earth Magic    | 4 5 6 7 8 9 11 12 13 14 15 | 15.8
Spellcasting   | 3 4 5 6 7 8 9 10 11 12 13 | 13.1
Conjurations   | 1 2 3 4 5 6 7 8 |  8.4
Dodging        | 2 3 4 5 6 |  6.5
Shields        | 2 3 4 6 7 8 9 10 11 12 | 12.2
Fighting       | 1 3 5 6 7 8 9 10 11 | 11.6
Stealth        | 3 4 5 |  5.2
Armour         | 1 3 5 6 7 8 9 10 11 | 11.2
Invocations    | 2 4 6 8 9 10 11 | 11.7
Polearms       | 1 2 3 4 5 7 |  7.0
Transmutations | 3 5 6 7 8 9 10 | 10.2
Fire Magic     | 2 4 5 |  5.6
Evocations     | 1 |  1.1

Action                   |  1- 3 |  4- 6 |  7- 9 | 10-12 | 13-15 | 16-18 || total
-------------------------+-------+-------+-------+-------+-------+-------++-------
Melee: Unarmed           |     6 |     1 |       |       |       |       ||     7
       Trident           |       |       |     1 |    76 |   133 |   132 ||   342
       Glaive            |       |       |       |       |       |   482 ||   482
       Halberd           |       |       |       |       |       |   267 ||   267
       Demon trident     |       |       |       |       |       |    57 ||    57
Throw: Dart              |       |       |       |       |     2 |       ||     2
 Cast: Sandblast         |    32 |   106 |    21 |    41 |   150 |   179 ||   529
       Stone Arrow       |       |    11 |   168 |   363 |   290 |   152 ||   984
       Petrify           |       |       |       |     6 |     4 |    22 ||    32
       Lee's Rapid Decon |       |       |       |    23 |   143 |   189 ||   355
       Bolt of Magma     |       |       |       |       |    14 |    24 ||    38
       Iron Shot         |       |       |       |       |       |    48 ||    48
       Statue Form       |       |       |       |       |       |    33 ||    33
       Fireball          |       |       |       |       |       |     7 ||     7
Invok: Wall of Briars    |       |       |       |     1 |     7 |    10 ||    18
       Grow Ballistomyce |       |       |       |       |     8 |    12 ||    20
       Grow Oklob        |       |       |       |       |     2 |     7 ||     9
       Overgrow          |       |       |       |       |       |     3 ||     3
 Abil: Dig               |     2 |       |       |     2 |    14 |     5 ||    23
Evoke: Wand              |       |       |     1 |     1 |     4 |    13 ||    19
       Lightning rod     |       |       |       |       |     2 |     9 ||    11
  Use: Scroll            |       |     1 |    15 |     9 |    16 |     9 ||    50
       Potion            |       |       |       |       |     1 |    18 ||    19
 Stab: Sleeping          |     1 |       |       |     1 |     1 |       ||     3
       Petrified         |       |       |       |     9 |       |     1 ||    10
       Confused          |       |       |       |       |     1 |     2 ||     3
       Paralysed         |       |       |       |       |       |    13 ||    13
Armor: Robe              |    14 |    10 |     8 |       |       |       ||    32
       Troll leather arm |       |       |    17 |    56 |    90 |       ||   163
       Scale mail        |       |       |       |       |    38 |       ||    38
       Chain mail        |       |       |       |       |    42 |   465 ||   507
       Skin              |       |       |       |       |       |   440 ||   440
Dodge: Dodged            |    24 |    30 |    40 |   105 |   152 |   811 ||  1162
Block: Kite shield       |       |       |     2 |   109 |   233 |  1144 ||  1488

Table legend: (Time is in decaauts)
 A = Elapsed time spent in this place.
 B = Non-inter-level travel time spent in this place.
 C = Inter-level travel time spent in this place.
 D = Time resting spent in this place.
 E = Time spent auto-exploring this place.
 F = Levels seen in this place.
 G = Mean time per level.
                   A        B        C        D        E       F      G
               +--------+--------+--------+--------+--------+-----+--------+
         Total |  49584 |  45713 |   3871 |   9028 |  27487 |  31 | 1599.5 |
       Dungeon |  21673 |  19473 |   2200 |   2457 |  13251 |  15 | 1444.9 |
        Temple |    108 |     75 |     33 |      0 |     49 |   1 |  108.0 |
          Lair |  10682 |   9893 |    789 |   1890 |   6227 |   6 | 1780.3 |
        Shoals |   9879 |   9487 |    392 |   3677 |   3689 |   4 | 2469.8 |
  Orcish Mines |   5258 |   4802 |    456 |    587 |   3232 |   2 | 2629.0 |
        Bazaar |    379 |    379 |      0 |      0 |    321 |   1 |  379.0 |
         Sewer |    353 |    353 |      0 |     29 |    245 |   1 |  353.0 |
        Bailey |   1248 |   1248 |      0 |    387 |    471 |   1 | 1248.0 |
               +--------+--------+--------+--------+--------+-----+--------+

Top non-repeatable levels by time:
   Orc:2: 4072 daAuts
    D:14: 3052 daAuts
Shoals:1: 2840 daAuts
Shoals:3: 2657 daAuts
  Lair:3: 2595 daAuts
  Lair:6: 2465 daAuts
    D:11: 2348 daAuts
Shoals:4: 2231 daAuts
    D:10: 2158 daAuts
Shoals:2: 2149 daAuts
     D:2: 2117 daAuts
    D:13: 1783 daAuts
  Lair:1: 1686 daAuts
     D:6: 1615 daAuts
    D:12: 1497 daAuts
